AoeStats
← beneath mariana

Arena

504771639Analyzed
4v4 RM · 25d ago on Sep 6, 2026· 49m 2s· 8 players
Game mode
Random Map
Map size
Large (8 player)
Population
200
Speed
Normal
Resources
Standard
Victory
Conquest
Starting age
Dark Age
Ending age
Imperial Age
RankedLock teamsTeams togetherTeam positionsShared explorationLock speedFull tech treeHidden civsTurbo modeCheats
Victory
Defeat
🇧🇷 Bohemians · Brazil
1507
+14
🇧🇷 Franks · Brazil
1464
+16
🇧🇷 Tupi · Brazil
1345
+20
🇮🇹 Turks · Italy
1340
+21
🇺🇸 Slavs · United States
1495
-19
🇨🇳 Bohemians · China
1448
-18
🇱🇻 Celts · Latvia
1447
-18
🇺🇸 Britons · United States
1414
-16
beneath mariana
10:51 Feudal Age
14:34 Castle Age
12:35 Double-Bit Axe
13:13 Horse Collar
19:46 Town Watch
19:48 Loom
20:45 Wheelbarrow
21:55 Bow Saw
22:04 Fervor
23:31 Heavy Plow
25:07 Hand Cart
25:42 Treadmill Crane
29:22 Imperial Age
27:24 Ballistics
26:59 Fletching
27:34 Bodkin Arrow
27:03 Pikeman
29:22 Chemistry
28:41 Scale Mail Armor
28:51 Forging
28:43 Squires
28:59 Murder Holes
30:04 Chain Mail Armor
30:21 Guilds
30:04 Halberdier
32:00 Two-Man Saw
31:25 Conscription
31:59 Redemption
32:05 Block Printing
32:11 Masonry
32:44 Hussite Reforms
33:47 Illumination
33:47 Illumination
34:00 Theocracy
34:58 Fortified Wall
36:16 Devotion
37:47 Architecture
40:46 Siege Engineers
42:09 Bracer
45:08 Man-at-Arms
46:04 Long Swordsman
47:48 Iron Casting
47:42 Capped Ram
47:58 Two-Handed Swordsman
49:09 Plate Mail Armor
50:26 Blast Furnace
AML4554
10:53 Feudal Age
14:58 Castle Age
12:52 Double-Bit Axe
13:27 Horse Collar
16:42 Bow Saw
22:34 Heavy Plow
22:55 Pikeman
25:39 Wheelbarrow
24:50 Loom
27:07 Hand Cart
27:17 Scale Mail Armor
28:20 Chain Mail Armor
32:48 Imperial Age
30:29 Squires
30:41 Forging
30:39 Gold Mining
30:41 Stone Mining
30:57 Detinets
33:11 Iron Casting
32:56 Capped Ram
34:08 Plate Mail Armor
34:01 Conscription
33:03 Halberdier
33:58 Druzhina
35:38 Blast Furnace
37:14 Two-Man Saw
35:59 Man-at-Arms
36:51 Long Swordsman
37:53 Siege Ram
37:57 Two-Handed Swordsman
40:01 Crop Rotation
40:24 Coinage
39:35 Champion
39:48 Siege Ram
41:15 Masonry
42:06 Chemistry
45:02 Hoardings
46:26 Murder Holes
46:51 Ballistics
48:11 Banking
48:39 Fortified Wall
Dwarf king
10:26 Feudal Age
14:08 Castle Age
12:06 Double-Bit Axe
13:18 Horse Collar
15:54 Bow Saw
16:24 Heavy Plow
20:33 Loom
21:31 Fletching
22:42 Bodkin Arrow
37:28 Ballistics
39:32 Fortified Wall
39:44 Stone Mining
40:38 Padded Archer Armor
44:13 Imperial Age
43:24 Gold Mining
42:59 Pikeman
43:57 Leather Archer Armor
43:25 Treadmill Crane
43:55 Masonry
45:55 Chemistry
44:57 Bracer
두도스
9:42 Feudal Age
13:16 Castle Age
11:35 Double-Bit Axe
20:53 Horse Collar
22:23 Wheelbarrow
24:03 Bow Saw
23:55 Heavy Plow
25:01 Gold Mining
26:43 Gold Shaft Mining
29:49 Imperial Age
27:37 Hand Cart
27:39 Scale Mail Armor
27:49 Forging
28:46 Chain Mail Armor
28:50 Treadmill Crane
28:59 Gambesons
28:59 Arson
28:37 Pikeman
29:54 Iron Casting
29:19 Loom
30:31 Ballistics
29:55 Halberdier
30:57 Conscription
30:48 Furor Celtica
31:11 Plate Mail Armor
30:22 Onager
31:25 Siege Onager
32:43 Siege Engineers
33:15 Guilds
34:08 Chemistry
34:37 Blast Furnace
34:55 Capped Ram
36:33 Siege Ram
40:09 Heavy Scorpion
44:50 Stone Mining
nborgesfilho
10:45 Feudal Age
14:27 Castle Age
13:05 Double-Bit Axe
13:29 Horse Collar
14:49 Champi Runner
15:39 Loom
17:02 Scale Mail Armor
19:06 Forging
18:21 Champi Warrior
21:10 Squires
24:03 Chain Mail Armor
30:03 Iron Casting
32:51 Heavy Plow
33:02 Bow Saw
33:13 Bow Saw
34:00 Wheelbarrow
37:47 Imperial Age
36:39 Padded Archer Armor
37:00 Hand Cart
42:25 Plate Mail Armor
42:16 Elite Ibirapema Warrior
42:19 Elite Champi Warrior
43:36 Fletching
44:36 Arson
45:10 Bodkin Arrow
45:30 Gold Mining
46:03 Elite Skirmisher
47:53 Ballistics
47:50 Leather Archer Armor
47:36 Bracer
49:08 Curare
49:24 Conscription
HSL | Tisy16
11:12 Feudal Age
16:21 Castle Age
14:26 Horse Collar
15:19 Double-Bit Axe
20:21 Bow Saw
22:18 Fervor
25:35 Loom
25:35 Town Watch
27:01 Scale Barding Armor
29:52 Wheelbarrow
34:05 Imperial Age
31:34 Gold Mining
32:32 Chain Barding Armor
32:32 Heavy Plow
33:07 Bloodlines
32:58 Husbandry
33:21 Forging
33:51 Masonry
34:52 Iron Casting
35:12 Conscription
36:51 Plate Barding Armor
37:17 Blast Furnace
37:10 Fletching
39:28 Padded Archer Armor
40:10 Artillery
45:02 Ballistics
45:06 Leather Archer Armor
Saraiva
10:33 Feudal Age
14:56 Castle Age
12:54 Double-Bit Axe
16:45 Bow Saw
24:03 Wheelbarrow
23:20 Gold Mining
23:26 Stone Mining
24:55 Gold Shaft Mining
26:13 Hand Cart
29:32 Imperial Age
27:43 Scale Barding Armor
27:49 Forging
27:55 Fortified Wall
28:59 Chain Barding Armor
29:54 Iron Casting
30:02 Husbandry
29:36 Cavalier
30:53 Plate Barding Armor
30:24 Chivalry
30:44 Conscription
31:15 Paladin
33:05 Blast Furnace
33:12 Hoardings
32:36 Murder Holes
32:56 Masonry
33:07 Ballistics
32:38 Fletching
34:54 Architecture
35:25 Chemistry
34:50 Town Watch
34:52 Loom
36:22 Devotion
42:32 Bodkin Arrow
43:54 Town Patrol
46:49 Elite Throwing Axeman
47:54 #83
47:35 Scale Mail Armor
47:55 Squires
47:41 Gambesons
49:06 Chain Mail Armor
Sorrateiro
10:56 Feudal Age
14:52 Castle Age
13:52 Double-Bit Axe
13:49 Horse Collar
15:18 Town Watch
16:18 Bow Saw
16:49 Heavy Plow
21:01 Wheelbarrow
23:50 Hand Cart
28:08 Imperial Age
25:44 Loom
26:39 Forging
27:14 Town Patrol
28:17 Scale Mail Armor
28:53 Iron Casting
28:49 Masonry
28:20 Treadmill Crane
29:51 Two-Man Saw
28:21 Pikeman
29:02 Squires
28:48 Arson
30:18 Chemistry
29:13 Halberdier
30:17 Conscription
30:28 Chain Mail Armor
31:22 Blast Furnace
31:14 Siege Engineers
31:46 Plate Mail Armor
32:19 Architecture
32:39 Fletching
32:31 Treadmill Crane
33:15 Houfnice
35:04 Bodkin Arrow
35:31 Ballistics
36:00 Guilds
36:21 Coinage
38:10 Bracer
38:48 Banking
38:20 Caravan
38:10 Sappers
39:11 Guard Tower
39:07 Arrowslits
40:55 Keep
Connection lost

Rejoining the realm…

Still unreachable

The connection could not be restored.

Session expired

The server has moved on; the page needs a fresh start.